 Dungeon Crawl Stone Soup version 0.18-a0-1626-g65af6d3 (webtiles) character file.

17985 Sargon the Grappler (level 12, 0/123 HPs)
             Began as a Troll Berserker on Mar 25, 2016.
             Was the Champion of Trog.
             Killed from afar by a battlesphere (4 damage)
             ... created by a tengu reaver
             ... on level 13 of the Dungeon.
             The game lasted 00:43:15 (8636 turns).

Sargon the Grappler (Troll Berserker)               Turns: 8636, Time: 00:43:16

Health: 0/123      AC:  3    Str: 28    XL:     12   Next: 23%
Magic:  11/11      EV: 17    Int:  3    God:    Trog [******]
Gold:   562        SH:  0    Dex: 13    Spells: 0 memorised, 11 levels left

rFire  . . .     SeeInvis .       - Unarmed
rCold  . . .     Gourm    +     a - +0 animal skin
rNeg   . . .     Faith    .     (no shield)
rPois  +         Spirit   .     (helmet restricted)
rElec  +         Dismiss  .     u - +2 cloak
rCorr  .         Reflect  .     (gloves unavailable)
SustAt .         Harm     .     (boots unavailable)
MR     +....                    (no amulet)
Stlth  +.........               p - ring of protection from magic
                                w - +3 ring of evasion

@: exhausted, corroded, slowed, very slow, somewhat resistant to hostile
enchantments, very unstealthy
A: unfitting armour, claws 3, hooves 1, deformed body, fast metabolism 3,
gourmand, poison resistance, regeneration 2, shaggy fur 1, electricity
resistance, tough skin 2
a: Berserk, Trog's Hand, Brothers in Arms, Burn Spellbooks, Renounce Religion


You were on level 13 of the Dungeon.
You worshipped Trog.
Trog was exalted by your worship.
You were full.

You visited 1 branch of the dungeon, and saw 13 of its levels.

You collected 859 gold pieces.
You spent 297 gold pieces at shops.

Inventory:

Armour
 a - a +0 animal skin (worn)
 u - a +2 cloak (worn)
Jewellery
 p - a ring of protection from magic (right claw)
 w - a +3 ring of evasion (left claw)
Wands
 e - a wand of lightning (7/15)
 t - a wand of random effects (33/48)
 D - a wand of paralysis (13/24)
 F - a wand of slowing (30/48)
 H - a wand of flame (29/48)
Scrolls
 c - 4 scrolls of teleportation {unknown}
 d - 4 scrolls of fog {unknown}
 f - 7 scrolls of remove curse {unknown}
 i - 4 scrolls of fear {unknown}
 j - 3 scrolls of amnesia {unknown}
 l - a scroll of blinking {unknown}
 m - 2 scrolls of enchant armour {unknown}
 o - 3 scrolls of immolation {unknown}
 r - 2 scrolls of recharging {unknown}
 y - 2 scrolls of noise {unknown}
 z - 5 scrolls of identify {unknown}
 I - a scroll of vulnerability {unknown}
 K - a scroll of torment {unknown}
Potions
 h - 6 potions of curing
 k - a potion of brilliance
 q - 2 potions of might
 s - 4 potions of ambrosia
 x - a potion of agility
 B - a potion of berserk rage {unknown}
 G - a potion of heal wounds
 J - 3 potions of lignification {unknown}
Books
 A - a book of Transfigurations

   Spells                             Type                      Level
   a - Irradiate                      Conjuration/Transmutation    5
   b - Statue Form                    Transmutation/Earth          6
   c - Hydra Form                     Transmutation                6
   d - Dragon Form                    Transmutation                7
   Trog disapproves of the use of such an item.
Comestibles
 b - 10 bread rations
 g - 8 royal jellies
 n - 21 fruits
 v - 9 meat rations
 E - 6 slices of pizza


   Skills:
 - Level 9.0 Fighting
 - Level 9.0 Dodging
 + Level 14.1 Unarmed Combat


You had 11 spell levels left.
You didn't know any spells.

Dungeon Overview and Level Annotations

Branches:
Dungeon (13/15)            Temple (0/1) D:5            Lair (0/8) D:11
    Orc (0/2) D:12         Vaults (0/5) D:13

Altars:
Ashenzari
Dithmenos
Elyvilon
Gozag
Kikubaaqudgha
Makhleb
Nemelex Xobeh
Ru
Xom
Zin
Beogh

Shops:
D:5 (   D:6 %   D:7 =*!   D:8 =   D:10 [   D:12 (   D:13 :


Innate Abilities, Weirdness & Mutations

You are too large for most types of armour.
You have claws for hands.
Your metabolism is lightning-fast.
You like to eat raw meat.
You heal very quickly.
You are covered in fur (AC +1).
You have very tough skin (AC +2).
You have large cloven feet.
Armour fits poorly on your strangely shaped body.
Your system is resistant to poisons.
You are resistant to electric shocks.


Message History

You feel yourself slow down.
You mangle the tengu reaver!!
The tengu reaver is moderately wounded.
The tengu reaver hits you with a war axe!
The tengu reaver pecks you!
The tengu reaver claws you but does no damage.
The tengu reaver blocks your attack.
You kick the tengu reaver, but do no damage.
The tengu reaver is moderately wounded.
The tengu reaver points at you and mumbles some strange words.
The bolt of acid hits you!
* * * LOW HITPOINT WARNING * * *
The acid corrodes you!
The acid burns!
* * * LOW HITPOINT WARNING * * *
The battlesphere fires!
The barrage of energy hits you!
* * * LOW HITPOINT WARNING * * *
The tengu reaver casts a spell at you. The bolt of acid misses you.
The battlesphere fires!
The barrage of energy hits you!
You die...

######## #......# ####.##...##
...#.#8...8#
.∩.#.##...#######################
.....##...##....*....##.........#
.....##...##.....Q...##..........
..####8...8#....@#)####..........
#######...##.....#QC.##..........
8###8##...##.....#)}}#...........
..........##.....#####...........
..........8#.....................
........(.####...................
8###8##.(.# ##.................#
#######...## #.................#
.....#8.(.8# ##..........###....#


You could see a tengu reaver and a battlesphere.

Vanquished Creatures
  A yaktaur captain (D:13)
  A hydra (D:8)
  2 centaur warriors (D:13)
  An unseen horror (D:11)
  A hill giant (D:13)
  Pikel (D:7)
  2 ugly things
  2 cyclopes (D:11)
  A griffon (D:13)
  A manticore (D:13)
  Maurice (D:12)
  A gargoyle (D:13)
  A yaktaur (D:13)
  A troll (D:13)
  A queen bee (D:10)
  A hornet zombie (D:12)
  A two-headed ogre (D:10)
  3 yaks (D:8)
  A human (shapeshifter) (D:13)
  A basilisk (D:12)
  5 hippogriffs
  2 hungry ghosts
  Edmund (D:5)
  3 sky beasts
  An ice beast (D:5)
  4 orc warriors
  A slave (D:7)
  2 black bears
  2 wasps
  2 necrophages (D:9)
  4 ogres
  3 phantoms
  6 centaurs
  A crocodile (D:13)
  5 big kobolds
  4 giant frogs
  A wyvern zombie (D:10)
  2 gnoll sergeants
  A wyvern skeleton (D:12)
  A water moccasin zombie (D:5)
  2 scorpions (D:10)
  32 killer bees
  5 wights
  4 crimson imps
  A howler monkey (D:5)
  2 giant frog zombies (D:6)
  A quasit (D:10)
  2 jellies
  4 hounds
  A centaur skeleton (D:5)
  5 orc priests
  15 orc wizards
  Jessica (D:2)
  2 iguanas
  8 worker ants
  2 sheep (D:8)
  3 hound skeletons
  A howler monkey skeleton (D:6)
  15 gnolls
  12 adders
  5 shadow imps
  An ooze (D:1)
  An adder skeleton (D:8)
  An adder zombie (D:9)
  3 worms
  4 dart slugs
  3 giant geckos
  50 orcs
  A ball python (D:2)
  4 giant cockroaches
  4 goblins
  5 hobgoblins
  12 jackals
  3 quokkas
  10 bats
  3 giant newts
  A jackal zombie (D:5)
  13 kobolds
  A quokka skeleton (D:9)
  5 rats
  A butterfly (D:5)
325 creatures vanquished.

Vanquished Creatures (collateral kills)
  A vault guard (D:13)
  An orb spider (shapeshifter) (D:13)
  A cyclops (D:13)
  A wizard (D:13)
  A manticore (D:13)
  A wyvern skeleton (D:13)
  An orc (D:13)
  A plant (D:7)
8 creatures vanquished.

Vanquished Creatures (others)
  A hound (D:7)
  A gnoll (D:7)
2 creatures vanquished.

Grand Total: 335 creatures vanquished

Notes
Turn   | Place    | Note
--------------------------------------------------------------
     0 | D:1      | Sargon the Troll Berserker began the quest for the Orb.
     0 | D:1      | Reached XP level 1. HP: 22/22 MP: 0/0
   149 | D:1      | Reached XP level 2. HP: 29/29 MP: 1/1
   485 | D:1      | Reached skill level 4 in Unarmed Combat
   602 | D:2      | Reached XP level 3. HP: 36/36 MP: 2/2
   637 | D:2      | Noticed Jessica
   642 | D:2      | Killed Jessica
   655 | D:2      | Reached ** piety under Trog
   663 | D:2      | Found a shattered altar of Ashenzari.
   668 | D:2      | Reached XP level 4. HP: 42/44 MP: 3/3
   712 | D:2      | Reached skill level 5 in Unarmed Combat
  1625 | D:3      | Found a sacrificial altar of Ru.
  1626 | D:3      | Found a burning altar of Makhleb.
  1631 | D:3      | Found an ancient bone altar of Kikubaaqudgha.
  1632 | D:3      | Found a shimmering altar of Xom.
  1634 | D:3      | Found an opulent altar of Gozag.
  1642 | D:3      | Found a sparkling altar of Nemelex Xobeh.
  1643 | D:3      | Found a white marble altar of Elyvilon.
  1984 | D:4      | Reached XP level 5. HP: 47/50 MP: 4/4
  2003 | D:4      | You fall through a shaft!
  2003 | D:5      | Entered Level 5 of the Dungeon
  2027 | D:5      | Noticed Edmund
  2038 | D:5      | Reached skill level 6 in Unarmed Combat
  2045 | D:5      | Killed Edmund
  2045 | D:5      | Reached *** piety under Trog
  2045 | D:5      | Reached skill level 7 in Unarmed Combat
  2045 | D:5      | Reached XP level 6. HP: 47/59 MP: 5/5
  2097 | D:5      | Found Xaenod's Antique Weapon Shop.
  2121 | D:5      | Found a staircase to the Ecumenical Temple.
  2130 | D:5      | Noticed an ice beast
  2137 | D:5      | Killed an ice beast
  2185 | D:5      | Reached skill level 8 in Unarmed Combat
  2185 | D:5      | Reached XP level 7. HP: 66/66 MP: 6/6
  2348 | D:5      | Reached skill level 9 in Unarmed Combat
  2747 | D:5      | Reached XP level 8. HP: 75/78 MP: 7/7
  2756 | D:5      | Gained mutation: You have sharp toenails. [mutagenic meat]
  2768 | D:5      | Gained mutation: You have a pair of small horns on your head. [mutagenic meat]
  2782 | D:5      | Gained mutation: Your system is resistant to poisons. [mutagenic meat]
  2798 | D:5      | Gained mutation: Your muscles are strong. (Str +2) [mutagenic meat]
  2882 | D:6      | Lost mutation: Your muscles are strong. (Str +2) [mutagenic meat]
  2966 | D:6      | Reached **** piety under Trog
  2966 | D:6      | Reached skill level 5 in Fighting
  3073 | D:6      | Found Meprado's Food Shoppe.
  3748 | D:7      | Reached XP level 9. HP: 91/93 MP: 8/8
  3780 | D:7      | Found Lilloeg's Jewellery Emporium.
  3788 | D:7      | Bought a +3 ring of evasion for 273 gold pieces
  3791 | D:7      | Noticed Pikel
  3823 | D:7      | Killed Pikel
  4002 | D:7      | Reached ***** piety under Trog
  4077 | D:7      | Found Pyahos's Assorted Antiques.
  4082 | D:7      | Found Pinewud's Distillery.
  4087 | D:7      | Bought a scroll labeled XOV SIGGUTOURR for 24 gold pieces
  4308 | D:7      | Found a glowing silver altar of Zin.
  4712 | D:8      | Found Tiepohoss's Jewellery Shoppe.
  4864 | D:8      | Reached skill level 5 in Dodging
  4872 | D:8      | Reached XP level 10. HP: 79/107 MP: 9/9
  4896 | D:8      | Noticed a three-headed hydra
  4901 | D:8      | Killed a six-headed hydra
  6116 | D:9      | Found a shattered altar of Ashenzari.
  6246 | D:10     | Entered Level 10 of the Dungeon
  6349 | D:10     | Found Bamoug's Antique Armour Boutique.
  6383 | D:10     | Reached ****** piety under Trog
  6531 | D:10     | Lost mutation: You have sharp toenails. [potion of cure mutation]
  6531 | D:10     | Lost mutation: You have a pair of small horns on your head. [potion of cure mutation]
  6534 | D:10     | Gained mutation: You are resistant to electric shocks. [potion of mutation]
  6534 | D:10     | Gained mutation: Your magical capacity is low (-10% MP). [potion of mutation]
  6596 | D:10     | Reached XP level 11. HP: 107/115 MP: 8/8
  6805 | D:11     | Found a staircase to the Lair.
  6811 | D:11     | Noticed a white ugly thing
  6819 | D:11     | Killed a white ugly thing
  6819 | D:11     | Received a gift from Trog
  6819 | D:11     | Reached skill level 10 in Unarmed Combat
  6823 | D:11     | Gained mutation: You have large cloven feet. [mutagenic meat]
  6824 | D:11     | Lost mutation: Your magical capacity is low (-10% MP). [mutagenic meat]
  6825 | D:11     | Gained mutation: Armour fits poorly on your strangely shaped body. [mutagenic meat]
  6827 | D:11     | Got a polished dire flail {god gift}
  6828 | D:11     | Identified the +9 dire flail of Certain Death {freeze, Dex+3} (Trog gifted it to you on level 11 of the Dungeon)
  7178 | D:11     | Killed an unseen horror
  7178 | D:11     | Reached skill level 11 in Unarmed Combat
  7209 | D:12     | Found Rumeawosh's Antique Weapon Boutique.
  7223 | D:12     | Found a shadowy altar of Dithmenos.
  7385 | D:12     | Noticed Maurice
  7398 | D:12     | Killed Maurice
  7565 | D:12     | Found a staircase to the Orcish Mines.
  7575 | D:12     | Found a roughly hewn altar of Beogh.
  7937 | D:13     | Found Zioroah's Book Emporium.
  8012 | D:13     | Reached skill level 12 in Unarmed Combat
  8060 | D:13     | Noticed a hill giant
  8074 | D:13     | Killed a hill giant
  8149 | D:13     | Received a gift from Trog
  8288 | D:13     | Noticed a griffon
  8299 | D:13     | Killed a griffon
  8414 | D:13     | Noticed a centaur warrior
  8418 | D:13     | Noticed a wizard
  8419 | D:13     | Noticed a vault guard
  8424 | D:13     | Killed a centaur warrior
  8424 | D:13     | Reached skill level 13 in Unarmed Combat
  8429 | D:13     | Noticed a centaur warrior
  8446 | D:13     | Noticed an orb spider
  8448 | D:13     | Killed a centaur warrior
  8449 | D:13     | Killed a vault guard
  8449 | D:13     | Reached XP level 12. HP: 55/123 MP: 11/11
  8471 | D:13     | Found a gate to the Vaults.
  8624 | D:13     | Found a runed door.
  8624 | D:13     | Noticed a tengu reaver
  8625 | D:13     | Noticed a yaktaur captain
  8625 | D:13     | Noticed a stone giant
  8629 | D:13     | Killed a yaktaur captain
  8629 | D:13     | Reached skill level 14 in Unarmed Combat
  8636 | D:13     | HP: 4/123 [battlesphere[a tengu reaver] (7)]
  8636 | D:13     | Killed from afar by a battlesphere

Vault maps used:
D:1:      dpeg_arrival_boxes_within_box, minmay_misc_feat_pillars
D:2:      nicolae_ashenzari_panopticon, uniq_jessica
D:3:      minitemple, first_bread
D:5:      minmay_temple_entry_butterflies, serial_shops, shop_fountains,
          uniq_edmund
D:6:      serial_shops, shop
D:7:      old_standard_altar, serial_shops, nicolae_shop_behind_doors,
          nicolae_shop_overgrown_old_shop, shop, uniq_pikel
D:8:      hangedman_cross_stitches, serial_shops, shop, hangedman_ranch
D:9:      basic_altar
D:10:     serial_shops, nicolae_shop_stone, special_room
D:11:     dpeg_oklobed_lair, glass_columns_a
D:12:     minmay_orc_entry_temple_small, serial_shops, shop,
          minmay_misc_feat_more_columns, grunt_dithmenos_smoke_and_mirrors,
          uniq_snorg, uniq_maurice
D:13:     david_vaults_5, serial_shops, shop_coins, corexii_hall_statues_t,
          kennysheep_treasure_room

Skill      XL: |  1  2  3  4  5  6  7  8  9 10 11 12 |
---------------+-------------------------------------+-----
Unarmed Combat | 4 5 7 8 9 13 14 | 14.1
Fighting       | 4 7 9 |  9.0
Dodging        | 5 9 |  9.0

Action                   |  1- 3 |  4- 6 |  7- 9 | 10-12 || total
-------------------------+-------+-------+-------+-------++-------
Melee: Unarmed           |    44 |   112 |   266 |   469 ||   891
Invok: Berserk           |       |     2 |     6 |    16 ||    24
       Trog's Hand       |       |       |       |     1 ||     1
       Brothers in Arms  |       |       |       |     1 ||     1
  Use: Scroll            |       |       |     1 |       ||     1
       Potion            |       |       |       |    13 ||    13
 Stab: Sleeping          |       |     1 |       |     1 ||     2
       Distracted        |       |       |       |     1 ||     1
  Eat: Bread ration      |     1 |       |     1 |       ||     2
       Chunk             |     2 |    11 |    43 |    56 ||   112
       Pizza             |       |       |       |     1 ||     1
       Beef jerky        |       |       |       |     1 ||     1
